 Dungeon Crawl Stone Soup version 0.29-a0-813-g4a14ea37d6 (webtiles) character file.

Game seed: 489599126235007858

1946 avis the Chiller (level 8, 0/68 HPs)
             Began as a Demigod Ice Elementalist on July 4, 2022.
             Slain by a gnoll sergeant
             ... wielding a +4 spear of freezing
              (1 damage)
             ... on level 6 of the Dungeon.
             The game lasted 00:47:13 (7287 turns).

avis the Chiller (Demigod Ice Elementalist)         Turns: 7287, Time: 00:47:14

Health: 0/68       AC: 10    Str:  9    XL:     8   Next: 66%
Magic:  13/15      EV: 12    Int: 17    God:
Gold:   380        SH:  0    Dex: 22    Spells: 6/13 levels left

rFire   . . .      SeeInvis .   a - +0 sling
rCold   + . .      Faith    .   (no shield)
rNeg    . . .      Spirit   .   d - +0 robe
rPois   .          Reflect  .   (no helmet)
rElec   .          Harm     .   (no cloak)
rCorr   .          Rampage  .   G - +0 pair of gloves
Will    .....                   (no boots)
Stlth   ++........              (no amulet)
HPRegen 0.21/turn               m - ring of ice
MPRegen 0.14/turn               F - ring of protection from fire

@: ice-armoured, studying Armour
A: high MP 1, forlorn, divine attributes
a: no special abilities


You were on level 6 of the Dungeon.
You visited 1 branch of the dungeon, and saw 6 of its levels.

You collected 380 gold pieces.

Inventory:

Hand Weapons
 a - a +0 sling (weapon)
 b - a +0 dagger of venom
 f - a +1 dire flail of draining
 u - a +3 short sword of draining
 w - the +7 whip "Grim Tooth" {freeze, rF++}
   (You found it on level 2 of the Dungeon)

   It freezes those it strikes, dealing additional cold damage.
   It can also slow down cold-blooded creatures.
   rF:        It greatly protects you from fire.
 I - a +0 long sword
Missiles
 j - 10 poisoned darts
 r - 11 boomerangs
Armour
 d - a +0 robe (worn)
 G - a +0 pair of gloves (worn)
Magical Staves
 s - a staff of air
Jewellery
 m - a ring of ice (left hand)
 t - a ring of fire
 F - a ring of protection from fire (right hand)
 J - a ring of protection from fire
Wands
 q - a wand of iceblast (2)
 y - a wand of flame (28)
 E - a wand of mindburst (19)
Scrolls
 c - a scroll of identify
 e - 2 scrolls of silence {unknown}
 g - a scroll of amnesia {unknown}
 h - 2 scrolls of teleportation
 i - a scroll of acquirement {unknown}
 l - 2 scrolls of enchant armour {unknown}
 o - a scroll of noise {unknown}
 p - a scroll of enchant weapon {unknown}
 x - 2 scrolls of brand weapon {unknown}
 A - a scroll of poison {unknown}
Potions
 k - 3 potions of brilliance
 n - 2 potions of magic
 v - a potion of degeneration {unknown}
 z - a potion of might {unknown}
 B - 5 potions of mutation
 C - 4 potions of curing
 D - a potion of heal wounds {unknown}
 H - a potion of lignification {unknown}


   Skills:
 - Level 5.0 Fighting
 - Level 6.0 Ranged Weapons
 * Level 1.8 Armour
 - Level 1.7 Dodging
 - Level 1.7 Stealth
 - Level 3.0 Spellcasting
 - Level 6.0 Ice Magic
 - Level 4.0 Evocations


You had 6 spell levels left.
You knew the following spells:

 Your Spells              Type           Power      Damage    Failure   Level
a - Freeze                Ice            100%       1d11      1%          1
o - Ozocubu's Armour      Ice            34%        N/A       4%          3
r - Frozen Ramparts       Ice            68%        1d8       4%          3

Your spell library contained the following spells:

 Spells                   Type           Power      Damage    Failure   Level
 Hailstorm                Conj/Ice       19%        3d6       45%         4
 Dispersal                Tloc           1%         N/A       100%        6
 Disjunction              Tloc           1%         N/A       100%        8


Dungeon Overview and Level Annotations

Branches:
Dungeon (6/15)             Temple (0/1) D:6

Annotations:
D:3 1 runed translucent door, exclusion: door, Crazy Yiuf


Innate Abilities, Weirdness & Mutations

You have an increased reservoir of magic. (+10% MP)
You shall have no god before yourself.
Your divine heritage dramatically boosts your attributes as you level up.


Message History

* * * LOW HITPOINT WARNING * * *
The gnoll sergeant freezes you.
* * * LOW HITPOINT WARNING * * *
Fire: a) +0 sling
Press: ? - help, Q - select action, (/) - cycle Shift-Dir - straight line, f/p - gnoll sergeant
Aim: a gnoll sergeant, wielding a +4 spear of freezing, wearing a +0 scale mail and wearing a +0 buckler (almost dead, 72% to hit)
You shoot a sling bullet.
The sling bullet closely misses the gnoll sergeant.
The gnoll sergeant closely misses you.
Fire: a) +0 sling
Press: ? - help, Q - select action, (/) - cycle Shift-Dir - straight line, f/p - gnoll sergeant
Aim: a gnoll sergeant, wielding a +4 spear of freezing, wearing a +0 scale mail and wearing a +0 buckler (almost dead, 72% to hit)
You shoot a sling bullet.
The gnoll sergeant blocks the sling bullet.
The gnoll sergeant hits you from afar with a +4 spear of freezing.
* * * LOW HITPOINT WARNING * * *
The gnoll sergeant hits you but does no damage.
Fire: a) +0 sling
Press: ? - help, Q - select action, (/) - cycle Shift-Dir - straight line, f/p - gnoll sergeant
Aim: a gnoll sergeant, wielding a +4 spear of freezing, wearing a +0 scale mail and wearing a +0 buckler (almost dead, 72% to hit)
You shoot a sling bullet.
The sling bullet hits the gnoll sergeant.
The gnoll sergeant is almost dead.
The gnoll sergeant closely misses you.
Fire: a) +0 sling
Press: ? - help, Q - select action, (/) - cycle Shift-Dir - straight line, f/p - gnoll sergeant
Aim: a gnoll sergeant, wielding a +4 spear of freezing, wearing a +0 scale mail and wearing a +0 buckler (almost dead, 72% to hit)
You shoot a sling bullet.
The sling bullet hits the gnoll sergeant but does no damage.
The gnoll sergeant is almost dead.
The gnoll sergeant hits you but does no damage.
Fire: a) +0 sling
Press: ? - help, Q - select action, (/) - cycle Shift-Dir - straight line, f/p - gnoll sergeant
Aim: a gnoll sergeant, wielding a +4 spear of freezing, wearing a +0 scale mail and wearing a +0 buckler (almost dead, 72% to hit)
You shoot a sling bullet.
The gnoll sergeant blocks the sling bullet.
The gnoll sergeant hits you from afar with a +4 spear of freezing!
* * * LOW HITPOINT WARNING * * *
The gnoll sergeant freezes you.
You die... .# #.. .# #.. #.. ## .≈ ♣P. ##. .≈ P.. .PP

♣.♣♣ #.# ..♣♣).P♣♣ #.#
♣.♣P...P♣ #.# ♣P)g._...
#.# #♣@♣ #.# #P.♣♣ P
#.# #.PP♣♣.♣♣
#.####≈≈...P..
##########.....≈≈..♣♣♣P
...........###...###
############ #####


You could see a gnoll sergeant.

Vanquished Creatures
  A steam dragon (D:6)
  A water moccasin (D:5)
  Edmund (D:4)
  A sky beast (D:6)
  4 black bears
  An ogre (D:5)
  A bullfrog (D:6)
  2 scorpions
  2 necrophages (D:6)
  5 jellies
  2 hounds (D:5)
  2 orc priests
  Jessica (D:2)
  Natasha (thrice) (D:2)
  2 iguanas (D:5)
  An orc wizard (D:6)
  13 gnolls
  7 adders
  3 ufetubi (D:4)
  A worm (D:4)
  3 dart slugs
  18 orcs
  4 ball pythons
  2 bats
  9 endoplasms
  4 giant cockroaches
  8 hobgoblins
  3 jackals (D:4)
  4 kobolds
  7 quokkas
  A frilled lizard (D:1)
  7 goblins
  2 rats
126 creatures vanquished.

Vanquished Creatures (others)
  A bush (D:6)
  A butterfly (D:6)
2 creatures vanquished.

Grand Total: 128 creatures vanquished

Notes
Turn   | Place    | Note
-------+----------+-------------------------------------------
     0 | D:1      | avis the Demigod Ice Elementalist began the quest for the
                  | Orb.
     0 | D:1      | Reached XP level 1. HP: 14/14 MP: 5/5
    72 | D:1      | Reached skill level 1 in Fighting
   213 | D:1      | Reached XP level 2. HP: 22/23 MP: 4/7
   663 | D:2      | Noticed Jessica
   665 | D:2      | Killed Jessica
   666 | D:2      | Reached XP level 3. HP: 17/29 MP: 6/8
  1049 | D:2      | Learned a level 3 spell: Ozocubu's Armour
  1369 | D:2      | Reached XP level 4. HP: 19/38 MP: 2/9
  2152 | D:2      | Noticed Natasha
  2162 | D:2      | Killed Natasha
  2244 | D:2      | Noticed Natasha
  2314 | D:2      | Killed Natasha
  2315 | D:2      | Reached XP level 5. HP: 45/45 MP: 4/10
  2426 | D:2      | Noticed Natasha
  2445 | D:2      | Killed Natasha
  2446 | D:2      | Reached skill level 5 in Ice Magic
  2545 | D:2      | Identified the +7 whip "Grim Tooth" {freeze, rF++}
  2730 | D:3      | Reached skill level 1 in Ranged Weapons
  3217 | D:3      | Found a runed translucent door.
  3218 | D:3      | Noticed Crazy Yiuf
  3538 | D:4      | Noticed Edmund
  3590 | D:4      | Killed Edmund
  3591 | D:4      | Reached XP level 6. HP: 16/47 MP: 3/13
  4136 | D:4      | Reached XP level 7. HP: 29/59 MP: 7/14
  4886 | D:5      | Entered Level 5 of the Dungeon
  6169 | D:5      | Learned a level 3 spell: Frozen Ramparts
  6334 | D:6      | Found a staircase to the Ecumenical Temple.
  6348 | D:6      | Reached skill level 5 in Ranged Weapons
  6348 | D:6      | Reached XP level 8. HP: 66/66 MP: 11/15
  6965 | D:6      | Reached skill level 5 in Fighting
  7252 | D:6      | Reached skill level 1 in Armour
  7287 | D:6      | HP: 1/68 [gnoll sergeant/+4 spear of freezing (10)]
  7287 | D:6      | Slain by a gnoll sergeant

Illustrated notes

Levels and vault maps discovered:
D:1:      heliophobic_arrival_enchanted_forest, layout_rooms,
          nicolae_kite_square_tiling_tiny, minmay_misc_feat_alley
D:2:      layout_loops_cross, ebering_ecumenical_altar_abandoned, uniq_natasha,
          uniq_jessica
D:3:      layout_basic, mainiacjoe_overflow_concentric_impassable,
          nicolae_kikubaaqudgha_miasma_corner, serial_glass, glass_columns_c,
          glass_columns_c, glass_columns_a, glass_columns_a, glass_columns_a,
          glass_columns_a, uniq_crazy_yiuf_cottage
D:4:      layout_rooms, mainiacjoe_overflow_cross_hatched, uniq_edmund
D:5:      layout_layer_cave, lightli_temple_of_fire
D:6:      layout_basic, nicolae_elyvilon_peaceful_grove, lemuel_blue_sif_altar,
          minmay_temple_entry_statues_fountains, minmay_manual_mess

Skill      XL: |  1  2  3  4  5  6  7  8 |
---------------+-------------------------+-----
Fighting       | 1 2 3 4 5 |  5.0
Spellcasting   | 2 3 |  3.0
Ice Magic      | 4 5 6 |  6.0
Ranged Weapons | 2 3 5 6 |  6.0
Evocations     | 2 4 |  4.0
Armour         | 1 |  1.8
Dodging        | |  1.7
Stealth        | |  1.7

Action                   |  1- 3 |  4- 6 |  7- 9 || total
-------------------------+-------+-------+-------++-------
Melee: Dagger            |    17 |    48 |    40 ||   105
       Whip              |       |    21 |    11 ||    32
       Punch             |       |       |     1 ||     1
 Fire: Sling             |       |    43 |   150 ||   193
 Cast: Freeze            |    32 |    34 |    39 ||   105
       Ozocubu's Armour  |     3 |    13 |    20 ||    36
  Use: Potion            |       |     3 |       ||     3
       Scroll            |       |       |     3 ||     3
 Stab: Sleeping          |     2 |     3 |     1 ||     6
Armor: Robe              |     6 |    31 |    57 ||    94
Dodge: Dodged            |    21 |    69 |    84 ||   174

Table legend: (Time is in decaauts)
 A = Elapsed time spent in this place.
 B = Non-inter-level travel time spent in this place.
 C = Inter-level travel time spent in this place.
 D = Time resting spent in this place.
 E = Time spent auto-exploring this place.
 F = Levels seen in this place.
 G = Mean time per level.
                   A        B        C        D        E       F      G
               +--------+--------+--------+--------+--------+-----+--------+
         Total |   7309 |   6886 |    423 |   3012 |   2517 |   6 | 1218.2 |
       Dungeon |   7309 |   6886 |    423 |   3012 |   2517 |   6 | 1218.2 |
               +--------+--------+--------+--------+--------+-----+--------+

Top non-repeatable levels by time:
     D:2: 1723 daAuts
     D:4: 1437 daAuts
     D:5: 1271 daAuts
     D:1: 974 daAuts
     D:6: 962 daAuts
     D:3: 941 daAuts
